 Dungeon Crawl Stone Soup version 0.31-a0-182-gc5ef74bbde (webtiles) character file.

Game seed: 1491575623433466337

21 Elmgren the Shooter (level 2, 0/17 HPs)
             Began as a Gargoyle Hunter on June 21, 2023.
             Frozen to death by an endoplasm (4 damage)
             ... on level 1 of the Dungeon.
             The game lasted 00:00:31 (333 turns).

Elmgren the Shooter (Gargoyle Hunter)                Turns: 333, Time: 00:00:31

Health: 0/17       AC:  5    Str: 14    XL:     2   Next: 87%
Magic:  2/2        EV: 11    Int:  9    God:
Gold:   46         SH:  0    Dex: 13    Spells: 1/1 levels left

rFire   . . .        a - +0 shortbow
rCold   . . .        (shield currently unavailable)
rNeg    + . .        c - +0 leather armour
rPois   ∞            (no helmet)
rElec   +            (no cloak)
rCorr   .            (no gloves)
SInv    .            (no boots)
Will    .....        (no amulet)
Stlth   +            (no ring)
HPRegen 0.22/turn    (no ring)
MPRegen 0.08/turn

%: no passive effects
@: no status effects
A: sickness immunity, AC +2, negative energy resistance 1, electricity
resistance, torment resistance 1, petrification resistance
a: no special abilities


You were on level 1 of the Dungeon.
You visited 1 branch of the dungeon, and saw 1 of its levels.

You collected 46 gold pieces.

Inventory:

Hand Weapons
 a - a +0 shortbow (weapon)
Armour
 c - a +0 leather armour (worn)
Scrolls
 b - a scroll of butterflies
Potions
 d - 2 potions of resistance {unknown}


   Skills:
 - Level 2.1 Fighting
 + Level 4.8 Ranged Weapons
 - Level 1.5 Dodging
 - Level 1.1 Stealth


You had one spell level left.
You didn't know any spells.
Your spell library was empty.

Dungeon Overview and Level Annotations

Branches:
Dungeon (1/15)

Altars:


Innate Abilities, Weirdness & Mutations

You are immune to sickness and miasma.
Your stone body is resilient. (AC +2)
You are immune to poison.
You resist negative energy. (rN+)
You are resistant to electric shocks. (rElec)
You are resistant to unholy torment.
You are immune to petrification.


Message History

A frilled lizard is nearby!
You shoot an arrow. The arrow hits the frilled lizard!
You kill the frilled lizard!
You see here a jackal corpse.
You see here a +0 ring mail.
A hobgoblin comes into view.
You shoot an arrow. The arrow hits the hobgoblin.
The hobgoblin shouts!
A hobgoblin is nearby!
You shoot an arrow.
The arrow hits the hobgoblin but does no damage.
A hobgoblin is nearby!
You shoot an arrow.
The arrow completely misses the hobgoblin.
The hobgoblin barely misses you.
A hobgoblin is nearby!
You shoot an arrow. The arrow hits the hobgoblin.
You kill the hobgoblin!
You see here a hobgoblin corpse.
Found a stone staircase leading down.
No target in view!
d - 2 smoky purple potions No target in view!
A rat and a kobold come into view.
You shoot an arrow. The arrow hits the rat.
You kill the rat!
The kobold shouts!
A frilled lizard comes into view.
The kobold throws a stone.
The stone closely misses you.
There are monsters nearby!
You shoot an arrow.
The arrow barely misses the frilled lizard.
The frilled lizard bites you.
The kobold throws a stone.
The stone barely misses you.
The kobold throws a stone.
The stone barely misses you.
The frilled lizard bites you but does no damage.
There are monsters nearby!
You take 1 damage, and have 16/17 hp.
You shoot an arrow.
The arrow barely misses the frilled lizard.
The frilled lizard bites you but does no damage.
A dart slug comes into view.
There are monsters nearby!
Health restored: 17 You shoot an arrow.
The arrow hits the frilled lizard!
You kill the frilled lizard!
There are monsters nearby!
You shoot an arrow. The arrow closely misses the kobold.
An endoplasm comes into view.
The kobold hits you with a +0 club.
There are monsters nearby!
You take 3 damage, and have 14/17 hp.
You shoot an arrow. The arrow hits the endoplasm.
The endoplasm barely misses you.
A goblin comes into view. It is wielding a +0 club.
The kobold closely misses you.
There are monsters nearby!
You shoot an arrow. The arrow barely misses the endoplasm.
The endoplasm freezes you.
You are frozen.
The kobold hits you but does no damage. The kobold closely misses you.
The endoplasm hits you. The goblin closely misses you.
There are monsters nearby!
You take 7 damage, and have 7/17 hp.
MASSIVE DAMAGE!!
The endoplasm attacks as you move away! The endoplasm completely misses you.
The goblin attacks as you move away! The goblin barely misses you.
The kobold attacks as you move away! The kobold misses you.
The goblin hits you with a +0 club.
* * * LOW HITPOINT WARNING * * *
You take 3 damage, and have 4/17 hp.
The goblin attacks as you move away! The goblin hits you with a +0 club.
* * * LOW HITPOINT WARNING * * *
You take 2 damage, and have 2/17 hp.
The goblin attacks as you move away! The goblin hits you with a +0 club.
* * * LOW HITPOINT WARNING * * *
You take 1 damage, and have 2/17 hp.
You are too injured to fight recklessly!
You are too injured to fight recklessly!
You are too injured to fight recklessly!
You shoot an arrow. The arrow barely misses the goblin.
The arrow barely misses the endoplasm.
The arrow closely misses the kobold.
The arrow hits the dart slug.
The goblin hits you but does no damage.
You shoot an arrow. The arrow barely misses the goblin.
The arrow hits the endoplasm but does no damage.
The goblin hits you but does no damage.
You shoot an arrow. The arrow hits the goblin.
You kill the goblin!
The endoplasm attacks as you move away!
The endoplasm hits you but does no damage.
The endoplasm attacks as you move away!
The endoplasm hits you but does no damage.
The endoplasm attacks as you move away! The endoplasm hits you.
* * * LOW HITPOINT WARNING * * *
The endoplasm attacks as you move away! The endoplasm misses you.
You shoot an arrow. The arrow barely misses the endoplasm.
The arrow hits the kobold.
You kill the kobold!
The endoplasm freezes you.
You are frozen.
You die...

#.### #.# #...# ...
###w# #†# #.# #.# #.#
#.# #)# # #.# #.#
#######.#### #J#
...........#####@#####
#######..............#
#######.....####.###.#
.††.......#...##># #.#
########.#..#.##.# #.#
# #.###)#....# #.# #
##.#.##..### #.# #
#..###..# #.# # #..#
#..# #.#


You could see a dart slug and an endoplasm.

Vanquished Creatures
  An endoplasm (D:1)
  3 goblins (D:1)
  4 hobgoblins (D:1)
  3 jackals (D:1)
  2 ball pythons (D:1)
  2 frilled lizards (D:1)
  2 kobolds (D:1)
  4 rats (D:1)
21 creatures vanquished.

Notes
Turn   | Place    | Note
-------+----------+-------------------------------------------
     0 | D:1      | Elmgren the Gargoyle Hunter began the quest for the Orb.
     0 | D:1      | Reached XP level 1. HP: 12/12 MP: 1/1
   161 | D:1      | Reached XP level 2. HP: 17/17 MP: 2/2
   312 | D:1      | HP: 7/17 [endoplasm (3)]
   315 | D:1      | HP: 2/17 [goblin/+0 club (2)]
   320 | D:1      | HP: 2/17 [goblin/+0 club (1)]
   330 | D:1      | HP: 3/17 [endoplasm (1)]
   333 | D:1      | Frozen to death by an endoplasm

Illustrated notes

Levels and vault maps discovered:
D:1:      scummos_arrival_simple_fountains, layout_loops_ring,
          minmay_small_reverse_x

Action                     || total
---------------------------++-------
   Fire: Shortbow          ||    52
 Armour: Leather armour    ||     9
  Dodge: Dodged            ||    23

Table legend: (Time is in decaauts)
 A = Elapsed time spent in this place.
 B = Non-inter-level travel time spent in this place.
 C = Inter-level travel time spent in this place.
 D = Time resting spent in this place.
 E = Time spent auto-exploring this place.
 F = Levels seen in this place.
 G = Mean time per level.
                   A        B        C        D        E       F      G
               +--------+--------+--------+--------+--------+-----+--------+
         Total |    343 |    343 |      0 |      0 |    245 |   1 |  343.0 |
       Dungeon |    343 |    343 |      0 |      0 |    245 |   1 |  343.0 |
               +--------+--------+--------+--------+--------+-----+--------+

Top non-repeatable levels by time:
     D:1: 343 daAuts

Levels and vault maps discovered:
D:1:      scummos_arrival_simple_fountains, layout_loops_ring,
          minmay_small_reverse_x

Table legend: (Time is in decaauts)
 A = Elapsed time spent in this place.
 B = Non-inter-level travel time spent in this place.
 C = Inter-level travel time spent in this place.
 D = Time resting spent in this place.
 E = Time spent auto-exploring this place.
 F = Levels seen in this place.
 G = Mean time per level.
                   A        B        C        D        E       F      G
               +--------+--------+--------+--------+--------+-----+--------+
         Total |    343 |    343 |      0 |      0 |    245 |   1 |  343.0 |
       Dungeon |    343 |    343 |      0 |      0 |    245 |   1 |  343.0 |
               +--------+--------+--------+--------+--------+-----+--------+

Top non-repeatable levels by time:
     D:1: 343 daAuts

Table legend:
 A = Kills in this place as a percentage of kills in the entire game.
 B = Kills by you in this place as a percentage of kills by you in the entire game.
 C = Kills by friends in this place as a percentage of kills by friends in the entire game.
 D = Other kills in this place as a percentage of other kills in the entire game.
 E = Experience gained in this place as a percentage of experience gained in the entire game.
 F = Experience gained in this place divided by the number of levels of this place that you have seen.
                   A       B       C       D       E      F
               +-------+-------+-------+-------+-------+----------------------
         Total | 100.0 | 100.0 |   N/A |   N/A | 100.0 |  32.0
       Dungeon | 100.0 | 100.0 |   N/A |   N/A | 100.0 |  32.0
               +-------+-------+-------+-------+-------+----------------------
